 Dungeon Crawl Stone Soup version 0.29-a0-80-g3050e97935 (webtiles) character file.

Game seed: 15989939632174003829

123910 Gargoyl the Severer (level 16, -4/104 HPs)
             Began as a Gargoyle Abyssal Knight on Feb 4, 2022.
             Was a High Priest of Lugonu.
             Killed by divine providence
             ... invoked by a meliai
              (12 damage)
             ... on level 3 of the Spider Nest.
             The game lasted 00:50:59 (33723 turns).

Gargoyl the Severer (Gargoyle Abyssal Knight)      Turns: 33723, Time: 00:50:59

Health: -4/104     AC: 33    Str: 33    XL:     16   Next: 91%
Magic:  31/31      EV: 12    Int: 12    God:    Lugonu [*****.]
Gold:   852        SH: 20    Dex: 12    Spells: 15/15 levels left

rFire   . . .      SeeInvis +   a - +2 war axe (venom)
rCold   . . .      Faith    .   w - +5 tower shield of the Endless Expanse {Harm rCorr}
rNeg    + . .      Spirit   .   H - +2 chain mail of Generosity {MP+9 Str+5}
rPois   ∞          Reflect  .   e - +2 helmet
rElec   +          Harm     +   W - scarf {repulsion}
rCorr   +          Rampage  .   S - +0 pair of gloves
Will    +....                   T - +0 pair of boots
Stlth   ++........              b - amulet of the acrobat
HPRegen 0.27/turn               j - +6 ring of strength
MPRegen 0.22/turn               M - +4 ring of evasion

@: flying, repel missiles
A: sickness immunity, AC +12, big wings, negative energy resistance 1,
electricity resistance, torment resistance 1, petrification resistance, see
invisible, passive freeze, sense surroundings 1
a: Renounce Religion, Depart the Abyss, Bend Space, Banish, Corrupt, Enter the
Abyss


You were on level 3 of the Spider Nest.
You worshipped Lugonu.
Lugonu was extremely pleased with you.
You visited 5 branches of the dungeon, and saw 27 of its levels.
You visited the Abyss 2 times.
You also visited: Ossuary.

You collected 2552 gold pieces.
You spent 1700 gold pieces at shops.

Inventory:

Hand Weapons
 a - a +2 war axe of venom (weapon)
 d - a +3 war axe
 k - a +0 war axe of electrocution
 J - the +9 great sword of Degutic {vorpal, rN+ MP+9 Stlth+}
   (You found it on level 8 of the Dungeon)

   It inflicts extra damage upon your enemies.
   rN:        It protects you from negative energy.
   MP:        It affects your magic capacity (+9).
   Stlth:     It makes you more stealthy.
 O - the +6 broad axe of the Unkillable {antimagic, rN+ Dex+3}
   (You bought it in a shop on level 6 of the Dungeon)

   It reduces the magical energy of the wielder, and disrupts the spells and
   magical abilities of those it strikes.
   Natural abilities and divine invocations are not affected.
   Dex:       It affects your dexterity (+3).
   rN:        It protects you from negative energy.
 V - a +0 broad axe of flaming
Missiles
 x - 27 poisoned darts (quivered)
 E - 6 curare-tipped darts
Armour
 c - the +1 cloak of Starlight {*Dazzle EV+4 Stlth--}
   (You bought it in a shop on level 2 of the Orcish Mines)

   It may blind those who miss an attack against the wearer in melee combat.
   EV:        It affects your evasion (+4).
   Stlth:     It makes you much less stealthy.
 e - a +2 helmet (worn)
 w - the +5 tower shield of the Endless Expanse (worn) {Harm rCorr}
   (You found it on level 6 of the Lair of Beasts)

   rCorr:     It protects you from acid and corrosion.
   Harm:      It increases damage dealt and taken.
 D - the +1 scale mail "Cixzapi" {rF++ rC+++ Regen+ Str-4}
   (You found it on level 5 of the Dungeon)

   Str:       It affects your strength (-4).
   rF:        It greatly protects you from fire.
   rC:        It renders you almost immune to cold.
   Regen:     It increases your rate of health regeneration.
 H - the +2 chain mail of Generosity (worn) {MP+9 Str+5}
   (You found it on level 6 of the Dungeon)

   Str:       It affects your strength (+5).
   MP:        It affects your magic capacity (+9).
 S - a +0 pair of gloves (worn)
 T - a +0 pair of boots (worn)
 W - a scarf of repulsion (worn)
Jewellery
 b - an amulet of the acrobat (around neck)
 g - a ring of positive energy
 j - a +6 ring of strength (left hand)
 s - a +6 ring of dexterity
 y - the ring of Cechi {Fly rN++}
   (You found it on level 2 of the Spider Nest)

   [ring of flight]

   rN:        It greatly protects you from negative energy.
   Fly:       It grants you flight.
 M - a +4 ring of evasion (right hand)
 P - an amulet of reflection
 Z - a ring of willpower
Wands
 f - a wand of digging (18)
 i - a wand of charming (10)
 l - a wand of iceblast (35)
 m - a wand of flame (95)
 o - a wand of polymorph (8)
 z - a wand of paralysis (20)
 K - a wand of acid (5)
Scrolls
 h - 3 scrolls of blinking
 n - a scroll of fear
 r - 7 scrolls of teleportation
 u - 3 scrolls of fog
 B - 9 scrolls of identify
 U - a scroll of silence
Potions
 p - a potion of berserk rage
 q - 8 potions of haste
 t - 6 potions of mutation
 v - 2 potions of might
 C - 3 potions of resistance
 F - 2 potions of cancellation
 R - 7 potions of curing
 X - a potion of ambrosia
 Y - 2 potions of magic


   Skills:
 + Level 13.4 Fighting
 + Level 16.6 Axes
 + Level 2.2 Throwing
 + Level 12.8 Armour
 + Level 4.8 Dodging
 * Level 14.2 Stealth
 + Level 9.9 Shields
 + Level 8.8 Invocations


You had 15 spell levels left.
You didn't know any spells.
Your spell library contained the following spells:

 Spells                   Type           Power      Damage    Failure   Level
 Foxfire                  Conj/Fire      0%         2x1d4     100%        1
 Magic Dart               Conj           0%         1d3       100%        1
 Sandblast                Erth           0%         2d4       100%        1
 Sting                    Tmut/Pois      0%         1d3       100%        1
 Corpse Rot               Necr/Air       0%         N/A       100%        2
 Passwall                 Tmut/Erth      0%         N/A       100%        2
 Poisonous Vapours        Pois/Air       0%         N/A       100%        2
 Searing Ray              Conj           0%         2d4       100%        2
 Conjure Flame            Conj/Fire      0%         6-21      100%        3
 Gell's Gravitas          Tloc           0%         N/A       100%        3
 Inner Flame              Hex/Fire       0%         N/A       100%        3
 Lesser Beckoning         Tloc           0%         N/A       100%        3
 Ozocubu's Armour         Ice            0%         N/A       100%        3
 Portal Projectile        Hex/Tloc       0%         N/A       100%        3
 Stone Arrow              Conj/Erth      0%         3d7       100%        3
 Summon Guardian Golem    Hex/Summ       0%         N/A       100%        3
 Teleport Other           Tloc           0%         N/A       100%        3
 Tukima's Dance           Hex            0%         N/A       100%        3
 Anguish                  Hex/Necr       0%         N/A       100%        4
 Dispel Undead            Necr           0%         3d6       100%        4
 Flame Wave               Conj/Fire      0%         2d4       100%        4
 Fulminant Prism          Conj/Hex       0%         3d6       100%        4
 Olgreb's Toxic Radiance  Pois           0%         N/A       100%        4
 Blade Hands              Tmut           0%         N/A       100%        5
 Excruciating Wounds      Necr           0%         N/A       100%        5
 Metabolic Englaciation   Hex/Ice        0%         N/A       100%        5
 Death Channel            Necr           0%         N/A       100%        6
 Dispersal                Tloc           0%         N/A       100%        6
 Simulacrum               Ice/Necr       0%         N/A       100%        6
 Enfeeble                 Hex            0%         N/A       100%        7
 Orb of Destruction       Conj           0%         9d5       100%        7
 Ozocubu's Refrigeration  Ice            0%         4d5       100%        7
 Spellforged Servitor     Conj/Summ      0%         N/A       100%        7
 Borgnjor's Revivificati  Necr           0%         N/A       100%        8
 Ignition                 Fire           0%         3d3       100%        8
 Necromutation            Tmut/Necr      0%         N/A       100%        8
 Death's Door             Necr           0%         N/A       100%        9


Dungeon Overview and Level Annotations

Branches:
Dungeon (15/15)            Temple (0/1) D:4            Lair (6/6) D:8
  Swamp (0/4) Lair:3       Spider (3/4) Lair:2        Slime (0/5) Lair:5
    Orc (2/2) D:11            Elf (1/3) Orc:2        Vaults (0/5) D:13
Ossuary (visited)
 Depths: D:15

Altars:
Ashenzari
Cheibriados
Dithmenos
Elyvilon
Hepliaklqana
Kikubaaqudgha
Okawaru
Ru
Sif Muna
Uskayaw
Xom
Yredelemnul
Zin
The Shining One

Shops:
D:6 (*(*   D:9 *   D:10 (   D:13 !   Orc:2 ([(!

Portals:
Abyss: D:3
Trove: D:11 (give +7 demon blade)

Annotations:
D:3 2 transporters, Bosse's ghost, weakling DsAK
D:9 2 transporters
Lair:1 3 runed translucent doors, caleiya's ghost, journeyman GrEE
Lair:4 exclusion: 2 oklob plants
Spider:2 2 transporters, Arachne; alexyer's ghost, journeyman MiGl
Orc:1 2 runed translucent doors, flestrin's ghost, journeyman DsGl
Abyss:1 Grum


Innate Abilities, Weirdness & Mutations

You are immune to sickness and miasma.
Your stone body is resilient. (AC +12)
You are immune to poison.
Your large and strong wings let you fly.
You resist negative energy. (rN+)
You are resistant to electric shocks. (rElec)
You are resistant to unholy torment.
You are immune to petrification.
You have supernaturally acute eyesight. (SInv)
A frigid envelope surrounds you and freezes all who hurt you.
You passively map a small area around you.


Message History

You closely miss the wolf spider. You hit the radroach.
The radroach is poisoned.
The meliai hits you but does no damage.
The meliai is very cold.
The meliai is lightly wounded.
The meliai stings you but does no damage.
The meliai is very cold.
The meliai is lightly wounded.
The radroach bites you!!
* * * LOW HITPOINT WARNING * * *
The radroach is very cold.
The radroach is lightly wounded.
You block the radroach's attack. You block the wolf spider's attack.
The wolf spider barely misses you. The demonic crawler closely misses you.
The demonic crawler barely misses you. The demonic crawler misses you.
The meliai hits you but does no damage.
The meliai is very cold.
The meliai is moderately wounded.
The meliai stings you but does no damage.
The meliai is very cold.
The meliai is heavily wounded.
You feel better. The meliai hits you but does no damage.
The meliai stings you but does no damage.
The meliai is very cold.
The meliai is heavily wounded.
You block the wolf spider's attack. x2; You block the radroach's attack.
The radroach claws you.
* * * LOW HITPOINT WARNING * * *
The radroach is very cold.
The radroach is moderately wounded.
The demonic crawler hits you but does no damage.
The demonic crawler resists.
The demonic crawler is very cold.
The demonic crawler is severely wounded.
The demonic crawler hits you but does no damage.
The demonic crawler resists.
The demonic crawler is very cold.
The demonic crawler is severely wounded.
The demonic crawler hits you but does no damage.
The demonic crawler resists.
The demonic crawler is very cold.
The demonic crawler is almost dead.
The meliai invokes the aid of its god against you.
Something smites you!
You die...

... , , * *.. * ,##. , ,, ,
, ^ ,..#### , * ,,, ,s...###
* ,^ , ,, , #...#.#####,* ,
, ### , ####.s##...^^###^ ,
* #...###....B#s......†####
, , *
#........#y@s#.#.#.(#^[####
,
..^###.†..#...#####....##..#
,
#...(.#.#.#..^..#.#.....###
##..#.#####......##.#......
#^..### #..#####..####..#
...#. *#......#.....†.####
...##. #....#......##.......
#.#. ##
#..###.#....#..##.... , ###
#.. .###..#.#..######


You could see a radroach (very poisoned), a demonic crawler (very poisoned), a
wolf spider (extremely poisoned), 2 redbacks and a meliai.

Vanquished Creatures
  2 emperor scorpions (Spider:2)
  A war gargoyle (D:13)
  2 ghost moths
  A broodmother (Spider:2)
  3 spark wasps
  Josephine (D:12)
  2 vault guards (D:13)
  2 hydras
  A naga warrior (D:14)
  A jorogumo (Spider:2)
  An ogre mage (D:13)
  5 boulder beetles
  A death knight (D:14)
  2 centaur warriors
  A radroach (Spider:2)
  2 catoblepae
  2 tengu warriors
  The ghost of Sickboy the Carver, a novice MiFi of Okawaru (D:8)
  An orc high priest (Orc:1)
  5 death yaks (Lair:6)
  Urug (D:13)
  Nergalle (Lair:1)
  A deep elf knight (D:13)
  3 pharaoh ants
  3 skeletal warriors (D:14)
  A death drake (shapeshifter) (D:13)
  2 steelbarb worms (Spider:2)
  2 bog bodies (Lair:3)
  An orb spider (shapeshifter) (D:14)
  4 orb spiders
  6 orc knights
  Pikel (D:5)
  A lindwurm (Lair:6)
  14 wolf spiders
  A deep elf pyromancer (D:14)
  18 ugly things
  3 orc sorcerers
  4 cyclopes
  7 elephants
  Maurice (D:13)
  A moth of wrath (Spider:1)
  7 black mambas
  A guardian serpent (Lair:6)
  Joseph (D:9)
  A molten gargoyle (D:14)
  20 cane toads
  A smoke demon (Abyss:1)
  An unseen horror (D:8)
  10 gargoyles
  A torpor snail (Lair:6)
  9 komodo dragons
  An efreet (D:14)
  4 demonic crawlers
  3 rime drakes
  2 ice devils (Orc:2)
  3 hornets
  5 polar bears
  2 trolls (D:8)
  4 meliai
  12 tarantellas
  3 blink frogs (Lair:3)
  Prince Ribbit (D:5)
  14 slime creatures
  Sigmund (D:6)
  18 jumping spiders
  3 culicivoras
  A spriggan (D:14)
  60 yaks
  A human (D:13)
  8 wraiths
  17 wyverns
  A human (shapeshifter) (D:8)
  4 basilisks
  A basilisk (shapeshifter) (D:15)
  19 redbacks
  3 wargs
  12 vampire mosquitoes
  A swamp worm (Lair:3)
  Menkaure (D:5)
  A large abomination (Abyss:1)
  27 water moccasins
  A floating eye (Lair:4)
  5 sky beasts
  A swamp drake (D:11)
  An ice beast (D:7)
  33 orc warriors
  4 ogres
  4 necrophages
  2 black bears
  A hornet zombie (D:9)
  13 wolves
  13 centaurs
  2 phantoms
  2 lemures (D:5)
  6 kobold brigands
  An elf zombie (Ossuary)
  A bullfrog (shapeshifter) (D:8)
  14 bullfrogs
  2 gnoll sergeants
  3 scorpions
  2 water moccasin zombies (D:5)
  2 wyvern skeletons
  A small abomination (Abyss:1)
  15 killer bees
  6 wights
  2 howler monkeys
  3 electric eels
  4 human zombies
  2 bullfrog zombies (D:5)
  2 jellies
  8 centaur zombies
  9 orc priests
  4 bullfrog skeletons
  4 hounds
  A centaur skeleton (D:7)
  2 scorpion zombies (D:5)
  5 iguanas
  4 hell rats (Lair:6)
  10 orc wizards
  Ijyb (D:5)
  Terence (D:3)
  7 mummies
  Robin (D:2)
  4 howler monkey skeletons
  14 gnolls
  3 howler monkey zombies
  6 adders
  2 shadow imps
  2 white imps
  2 ufetubi
  2 adder zombies (Ossuary)
  4 worms
  4 dart slugs
  50 orcs
  6 endoplasms
  A giant cockroach (D:4)
  12 goblins
  10 hobgoblins
  A quokka (D:4)
  5 ball pythons
  7 bats
  2 frilled lizards (D:1)
  3 goblin zombies (Ossuary)
  11 hobgoblin zombies (Ossuary)
  23 kobolds
  6 kobold zombies (Ossuary)
  10 orc zombies (Ossuary)
  3 rats (D:1)
  A bush (Lair:5)
797 creatures vanquished.

Vanquished Creatures (others)
  18 fungi
  65 plants
83 creatures vanquished.

Grand Total: 880 creatures vanquished

Notes
Turn   | Place    | Note
-------+----------+-------------------------------------------
     0 | Abyss:1  | Gargoyl the Gargoyle Abyssal Knight began the quest for the
                  | Orb.
     0 | Abyss:1  | Reached XP level 1. HP: 14/14 MP: 2/2
    15 | D:1      | Escaped the Abyss
    57 | D:1      | Found a faded altar of an unknown god.
    60 | D:1      | Reached * piety under Lugonu
   322 | D:1      | Reached skill level 2 in Axes
   322 | D:1      | Reached XP level 2. HP: 14/19 MP: 3/3
   768 | D:2      | Reached XP level 3. HP: 24/24 MP: 4/4
   785 | D:3      | Found a shadowy altar of Dithmenos.
  1022 | D:3      | Reached skill level 1 in Dodging
  1022 | D:3      | Reached XP level 4. HP: 21/29 MP: 5/5
  1706 | D:2      | Reached XP level 5. HP: 26/34 MP: 6/6
  1711 | D:2      | Reached skill level 3 in Axes
  1874 | D:2      | Noticed Terence
  1881 | D:2      | Noticed Robin
  1897 | D:2      | Reached ** piety under Lugonu
  1927 | D:3      | Killed Terence
  2145 | D:2      | Killed Robin
  2200 | D:2      | Found a glowing golden altar of the Shining One.
  2937 | D:3      | Found a transporter.
  2955 | D:3      | Found a shimmering blue altar of Sif Muna.
  2955 | D:3      | Found an iron altar of Okawaru.
  2988 | D:3      | Noticed Bosse's ghost (weakling DsAK)
  3144 | D:3      | Found a one-way gate to the infinite horrors of the Abyss.
  3162 | D:3      | Found a transporter.
  3676 | D:4      | Reached XP level 6. HP: 21/40 MP: 7/7
  3827 | D:4      | Noticed a sky beast
  3827 | D:4      | an ogre changed into a sky beast
  3843 | D:4      | Killed a sky beast
  3844 | D:4      | Reached skill level 5 in Fighting
  3844 | D:4      | Reached skill level 4 in Axes
  3844 | D:4      | Reached skill level 1 in Stealth
  3991 | D:4      | Found a sand-covered staircase.
  4002 | Ossuary  | Entered an ossuary
  4089 | Ossuary  | Reached *** piety under Lugonu
  4130 | Ossuary  | Reached XP level 7. HP: 38/44 MP: 8/8
  4156 | Ossuary  | Reached skill level 5 in Axes
  4623 | D:4      | Found a staircase to the Ecumenical Temple.
  4704 | D:4      | Reached XP level 8. HP: 46/50 MP: 9/9
  4826 | D:5      | Entered Level 5 of the Dungeon
  4856 | D:5      | Reached **** piety under Lugonu
  4962 | D:5      | Found a burning altar of Makhleb.
  4964 | D:5      | Found a sacrificial altar of Ru.
  4964 | D:5      | Found a shimmering blue altar of Sif Muna.
  4966 | D:5      | Found an ancient bone altar of Kikubaaqudgha.
  4966 | D:5      | Found a shimmering altar of Xom.
  4966 | D:5      | Found a broken altar of Ashenzari.
  5000 | D:6      | Found Fecvum's Assorted Antiques.
  5008 | D:6      | Reached skill level 6 in Axes
  5067 | D:5      | Noticed Ijyb
  5082 | D:5      | Killed Ijyb
  5093 | D:5      | Reached skill level 5 in Armour
  5371 | D:5      | Noticed Menkaure
  5380 | D:5      | Killed Menkaure
  5396 | D:5      | Noticed Pikel
  5433 | D:5      | Killed Pikel
  5434 | D:5      | Reached skill level 7 in Axes
  5434 | D:5      | Reached XP level 9. HP: 41/56 MP: 10/10
  5523 | D:5      | Noticed a hornet
  5559 | D:5      | Reached skill level 8 in Axes
  5716 | D:5      | Noticed Prince Ribbit
  5733 | D:5      | Killed Prince Ribbit
  5816 | D:5      | Reached skill level 9 in Axes
  5894 | D:5      | Reached ***** piety under Lugonu
  5925 | D:5      | Found a basalt altar of Yredelemnul.
  6315 | D:5      | Banished a hornet
  6360 | D:5      | Identified the +1 scale mail "Cixzapi" {rF++ rC+++ Regen+
                  | Str-4}
  6416 | D:6      | Found Fucy's Weapon Shoppe.
  6425 | D:5      | Reached XP level 10. HP: 58/63 MP: 11/11
  6572 | D:6      | Noticed Sigmund
  6589 | D:6      | Killed Sigmund
  6687 | D:6      | Reached skill level 10 in Axes
  6796 | D:6      | Found a snail-covered altar of Cheibriados.
  6813 | D:6      | Found a white marble altar of Elyvilon.
  6846 | D:6      | Found Efauqauk's Antique Weapon Emporium.
  6868 | D:6      | Identified the +2 chain mail of Generosity {MP+9 Str+5}
  6959 | D:6      | Bought a potion of curing for 75 gold pieces
  7032 | D:6      | Found Sitauppe's General Store.
  7201 | D:6      | Found a glowing silver altar of Zin.
  8800 | D:8      | Reached skill level 11 in Axes
  8879 | D:8      | Identified the +9 great sword of Degutic {vorpal, rN+ MP+9
                  | Stlth+}
  8949 | D:8      | Noticed a gargoyle
  8953 | D:8      | Found a runed translucent gate.
  8953 | D:8      | Found a runed translucent gate.
  8953 | D:8      | Found a runed translucent gate.
  8953 | D:8      | Noticed Sickboy's ghost (novice MiFi)
  8975 | D:8      | Found a staircase to the Lair.
  8978 | D:8      | Noticed Grum
  9008 | D:8      | HP: 3/65 [wolf[Grum] (8)]
  9009 | D:8      | HP: 1/65 [Grum (8)]
  9011 | D:8      | Banished Grum
  9488 | D:8      | Reached XP level 11. HP: 63/69 MP: 13/13
  9970 | D:8      | Noticed a catoblepas
  9985 | D:8      | Killed a catoblepas
 10493 | D:8      | Noticed a brown ugly thing
 10507 | D:8      | Killed a brown ugly thing
 10831 | D:9      | Noticed Joseph
 10849 | D:9      | Reached skill level 12 in Axes
 10854 | D:9      | Killed Joseph
 11151 | D:9      | Found a transporter.
 11189 | D:9      | Found Qiuhes's General Store.
 11313 | D:6      | Bought a crude broad axe for 288 gold pieces
 11313 | D:6      | Identified the +6 broad axe of the Unkillable {antimagic,
                  | rN+ Dex+3} (You bought it in a shop on level 6 of the
                  | Dungeon)
 11534 | D:9      | Found a transporter.
 11775 | Lair:1   | Entered Level 1 of the Lair of Beasts
 11851 | Lair:1   | Noticed Nergalle
 11865 | Lair:1   | Killed Nergalle
 11866 | Lair:1   | Reached skill level 5 in Stealth
 11954 | Lair:1   | Reached XP level 12. HP: 60/76 MP: 7/14
 12173 | Lair:1   | Found a runed translucent gate.
 12173 | Lair:1   | Found a runed translucent gate.
 12173 | Lair:1   | Found a runed translucent gate.
 12175 | Lair:1   | Noticed caleiya's ghost (journeyman GrEE)
 12227 | Lair:1   | Noticed a four-headed hydra
 12693 | Lair:1   | Reached skill level 13 in Axes
 13258 | Lair:2   | Reached skill level 10 in Fighting
 13274 | Lair:2   | Noticed a four-headed hydra
 13379 | Lair:1   | Banished a five-headed hydra
 13431 | Lair:2   | Banished a four-headed hydra
 13663 | Lair:2   | Reached skill level 5 in Invocations
 13927 | Lair:2   | Found a hole to the Spider Nest.
 14136 | Lair:2   | Reached XP level 13. HP: 45/83 MP: 17/17
 15164 | Lair:3   | Reached skill level 10 in Armour
 15726 | Lair:3   | Reached ****** piety under Lugonu
 15881 | Lair:3   | Reached skill level 14 in Axes
 15991 | Lair:3   | Found a staircase to the Swamp.
 17113 | Lair:4   | Identified the +0 ring mail of Dishonesty {rC+ rN++ Slay+2}
 17374 | Lair:4   | Identified a scroll of acquirement
 17374 | Lair:4   | Acquired an amulet of reflection
 17478 | Lair:4   | Paralysed by a floating eye for 2 turns
 17552 | Lair:5   | Found a staircase to the Slime Pits.
 17603 | Lair:5   | Gained mutation: You are somewhat resistant to further
                  | mutation. [potion of mutation]
 17604 | Lair:5   | Lost mutation: You are somewhat resistant to further
                  | mutation. [potion of mutation]
 17604 | Lair:5   | Gained mutation: A frigid envelope surrounds you and
                  | freezes all who hurt you. [potion of mutation]
 17604 | Lair:5   | Gained mutation: You have supernaturally acute eyesight.
                  | (SInv) [potion of mutation]
 17604 | Lair:5   | Gained mutation: You passively map a small area around you.
                  | [potion of mutation]
 18408 | Lair:6   | Entered Level 6 of the Lair of Beasts
 18633 | Lair:6   | Gained mutation: Your large and strong wings let you fly.
                  | [Gargoyle growth]
 18633 | Lair:6   | Reached XP level 14. HP: 89/90 MP: 19/19
 18652 | Lair:6   | Reached skill level 10 in Stealth
 19294 | Lair:6   | HP: 4/91 [cane toad (11)]
 19392 | Lair:6   | Identified the +5 tower shield of the Endless Expanse {Harm
                  | rCorr}
 19892 | Lair:6   | Reached skill level 15 in Axes
 19972 | Lair:6   | Reached skill level 1 in Shields
 21032 | D:8      | Killed Sickboy's ghost
 21366 | D:10     | Entered Level 10 of the Dungeon
 21677 | D:10     | Identified the +12 rapier of the Boiling Point {flame,
                  | rElec rC- Dex+4 Stlth+}
 21879 | D:10     | Found Laseheo's Weapon Boutique.
 22036 | D:10     | Found a hide-covered altar of Uskayaw.
 22208 | D:11     | Found a portal to a secret trove of treasure.
 22686 | D:11     | Found a staircase to the Orcish Mines.
 23067 | D:12     | Noticed Josephine
 23081 | D:12     | Killed Josephine
 23561 | D:13     | Reached XP level 15. HP: 96/96 MP: 21/21
 23729 | D:13     | Noticed Urug
 23738 | D:13     | Killed Urug
 24618 | D:13     | Found Qusugiho's Distillery.
 24629 | D:13     | Noticed Maurice
 24650 | D:13     | Killed Maurice
 24673 | D:13     | Reached skill level 5 in Shields
 24679 | D:13     | Paralysed by an ogre mage for 4 turns
 24925 | D:13     | Bought a potion of curing for 48 gold pieces
 24925 | D:13     | Bought a potion of haste for 160 gold pieces
 24925 | D:13     | Bought a potion of haste for 160 gold pieces
 25014 | D:13     | Found a gate to the Vaults.
 25845 | D:14     | Reached skill level 16 in Axes
 26644 | D:14     | Found a hazy altar of Hepliaklqana.
 26892 | D:14     | Found a faded altar of an unknown god.
 27022 | D:15     | Entered Level 15 of the Dungeon
 27511 | Orc:1    | Entered Level 1 of the Orcish Mines
 27682 | Orc:2    | Entered Level 2 of the Orcish Mines
 28192 | Orc:2    | Found a staircase to the Elven Halls.
 28256 | Orc:2    | Paralysed by an orc sorcerer for 7 turns
 28283 | Elf:1    | Entered Level 1 of the Elven Halls
 28509 | Orc:1    | Reached XP level 16. HP: 102/103 MP: 22/22
 29069 | Orc:2    | Found Qelopan's Armour Shop.
 29069 | Orc:2    | Found Ineotas's Antique Weapon Shoppe.
 29069 | Orc:2    | Found Faan's Distillery.
 29084 | Orc:2    | Found Tehargh's Antique Weapon Boutique.
 29098 | Orc:2    | Bought the +1 cloak of Starlight {*Dazzle EV+4 Stlth--} for
                  | 427 gold pieces
 29098 | Orc:2    | Found the +1 cloak of Starlight {*Dazzle EV+4 Stlth--}
 29101 | Orc:2    | Bought a potion of curing for 42 gold pieces
 29101 | Orc:2    | Bought a potion of curing for 42 gold pieces
 29101 | Orc:2    | Bought 2 potions of curing for 84 gold pieces
 29809 | Orc:1    | Found a large runed translucent door.
 29809 | Orc:1    | Found a large runed translucent door.
 29885 | Orc:1    | Noticed flestrin's ghost (journeyman DsGl)
 30198 | D:6      | Bought a scroll of enchant weapon for 187 gold pieces
 30198 | D:6      | Bought a runed helmet for 187 gold pieces
 30318 | Spider:1 | Entered Level 1 of the Spider Nest
 30600 | Spider:1 | Reached skill level 1 in Throwing
 31853 | Spider:2 | Found a transporter.
 31854 | Spider:2 | Noticed alexyer's ghost (journeyman MiGl)
 31922 | Spider:2 | Noticed Arachne
 32194 | Spider:2 | Found a transporter.
 32713 | Spider:2 | Identified the ring of Cechi {Fly rN++}
 33710 | Abyss:2  | Noticed a bone dragon
 33717 | Spider:3 | Escaped the Abyss
 33722 | Spider:3 | HP: 3/104 [radroach (21)]
 33723 | Spider:3 | Killed from afar by a meliai

Illustrated notes

Levels and vault maps discovered:
D:1:      dpeg_arrival_leaves_temple_mockup, layout_basic,
          ebering_ecumenical_altar_rust
D:2:      layout_loops_ring, basic_altar, minmay_pentomino_w2, uniq_robin,
          uniq_terence
D:3:      layout_basic, mainiacjoe_overflow_large_starburst,
          nicolae_dithmenos_the_darkroom, gammafunk_ghost_abyssal_escape,
          ebering_dispersal_statue_hall, corexii_hall_statues_i,
          minmay_liquid_box, minmay_tree_intersection
D:4:      layout_cave_pools, minmay_temple_entry_fiery,
          nicolae_ossuary_entry_monument, hangedman_decor_lopped
D:5:      minmay_clustersquares, layout_rooms, doesnt_xom_only_xom,
          lemuel_mausoleum_altar_yredelemnul, kennysheep_nondescript,
          nicolae_underground_beach, uniq_prince_ribbit1, uniq_ijyb,
          uniq_menkaure, uniq_pikel
D:6:      layout_basic, nicolae_elyvilon_peaceful_grove, zin_scriptorium,
          kennysheep_slug_shrine, serial_shops, shop, nicolae_shop_trees,
          nicolae_shop_stone, nicolae_shop_overgrown_old_shop, uniq_sigmund
D:7:      minmay_bubble_buster, layout_cave_pools, patterned_corridor
D:8:      minmay_the_grid_four_pointed_star [minmay_the_grid_triangle_9x9_sprig,
          minmay_the_grid_triangle_9x9_sparse_checkered,
          minmay_the_grid_triangle_9x9_zippers_vertical,
          minmay_the_grid_triangle_9x9_negative_grid,
          minmay_the_grid_prize_shrinking_boxes], layout_cave_pools,
          gammafunk_ghost_split, minmay_door_square, uniq_grum
D:9:      gammafunk_cloud_chamber, layout_small_grid, serial_shops, shop,
          uniq_joseph
D:10:     layout_irregular_city, nicolae_uskayaw_dance_studio, serial_shops,
          nicolae_shop_bloodbath_and_beyond
D:11:     layout_rooms, erik_orc_1, trove_entry_hex_spiral
D:12:     layout_irregular_city, serial_glass, glass_columns_a, glass_columns_a,
          glass_columns_c, glass_columns_c, glass_columns_a, glass_columns_c,
          uniq_josephine
D:13:     gargoyle_guard, layout_cave_pools, grunt_vaults_entry_fortified,
          serial_shops, kennysheep_little_box, nicolae_figureground_sparkle,
          uniq_maurice, uniq_urug
D:14:     layout_loops_ring, gauntlet_entry_generic, minmay_misc_feat_roman,
          beargit_hepliaklqana_dungeon_heroes
D:15:     hangedman_depths_entry_civil_slaughter, layout_basic, chequers_garden,
          serial_shops, nicolae_shop_window_shopping
Lair:1:   layout_cave_pods, gammafunk_ghost_necromancy,
          chequers_serial_rivers_micro_a, uniq_nergalle
Lair:2:   layout_small_grid, dummy_spider_entry, grunt_megastairs_4,
          serial_bayou_shore_a, lemuel_fruit_fields, infiniplex_staircase_pool
Lair:3:   layout_gridlike, nicolae_swamp_entry_splash_gauntlet, nzn_random_ring,
          infiniplex_staircase_pool_2
Lair:4:   layout_hall_layers, disabler_island
Lair:5:   layout_concentric_octagons, minmay_slime_entry_pillars,
          chequers_serial_rivers_micro_b, minmay_lair_oklob_items,
          serial_bayou_pond_d, beast_lair_carwin_7
Lair:6:   hangedman_lair_tendril_chambers, layout_hall_layers
Spider:1: nicolae_spider_mines_3, nicolae_spider_some_kinda_spiderbox
Spider:2: layout_cave_pods, nzn_ghost_randoct, uniq_arachne
Spider:3: layout_spider_delve
Orc:1:    layout_diamond_mine, ebering_ghost_disaster_area
Orc:2:    st_orc_rangers, layout_caves, portal_ice_cave_demonic_guard,
          nicolae_orc_stony_grotto
Elf:1:    minmay_elf_arrival_circle, layout_geoelf_diagonals,
          hangedman_elven_crosses_minicolossus, nicolae_elf_crossing_hall

Skill      XL: |  1  2  3  4  5  6  7  8  9 10 11 12 13 14 15 16 |
---------------+-------------------------------------------------+-----
Axes           | 2 3 4 5 7 9 11 12 13 14 15 16 | 16.6
Fighting       | 4 5 6 7 8 9 10 11 12 13 | 13.4
Dodging        | 1 2 3 4 |  4.8
Armour         | 3 4 6 7 9 10 11 12 | 12.8
Stealth        | 1 5 7 9 11 12 14 | 14.2
Invocations    | 3 5 6 8 |  8.8
Shields        | 2 6 9 |  9.9
Throwing       | 2 |  2.2

Action                   |  1- 3 |  4- 6 |  7- 9 | 10-12 | 13-15 | 16-18 || total
-------------------------+-------+-------+-------+-------+-------+-------++-------
Melee: Hand axe          |    73 |   123 |       |       |       |       ||   196
       Punch             |     3 |       |     3 |     8 |     6 |       ||    20
       War axe           |       |    82 |   288 |   465 |   836 |   376 ||  2047
       Broad axe         |       |       |       |   155 |   128 |    10 ||   293
Throw: Dart              |       |       |     5 |       |       |    36 ||    41
Invok: Depart the Abyss  |     1 |       |       |       |       |     1 ||     2
       Banish            |       |       |     1 |     8 |    17 |     7 ||    33
       Bend Space        |       |       |       |     3 |     2 |       ||     5
       Enter the Abyss   |       |       |       |       |       |     1 ||     1
Evoke: Wand              |       |     2 |       |       |       |       ||     2
  Use: Scroll            |     2 |     4 |     6 |     7 |    18 |     3 ||    40
       Potion            |       |     2 |       |     3 |     7 |     9 ||    21
 Stab: Petrified         |       |       |       |     6 |     7 |       ||    13
       Sleeping          |       |       |       |       |     2 |       ||     2
       Distracted        |       |       |       |       |       |     1 ||     1
Armor: Leather armour    |    28 |     7 |       |       |       |       ||    35
       Chain mail        |       |   135 |   250 |   514 |   416 |   204 ||  1519
       Skin              |       |     8 |       |       |       |       ||     8
Dodge: Dodged            |    42 |    95 |   189 |   638 |   499 |   233 ||  1696
       Repelled          |       |       |       |       |     4 |     4 ||     8
Block: Tower shield      |       |       |       |       |   520 |   601 ||  1121

Table legend: (Time is in decaauts)
 A = Elapsed time spent in this place.
 B = Non-inter-level travel time spent in this place.
 C = Inter-level travel time spent in this place.
 D = Time resting spent in this place.
 E = Time spent auto-exploring this place.
 F = Levels seen in this place.
 G = Mean time per level.
                   A        B        C        D        E       F      G
               +--------+--------+--------+--------+--------+-----+--------+
         Total |  33853 |  32362 |   1491 |   5969 |  19819 |  31 | 1092.0 |
       Dungeon |  18208 |  17253 |    955 |   2424 |  11357 |  15 | 1213.9 |
          Lair |   9212 |   8850 |    362 |   1736 |   5541 |   6 | 1535.3 |
   Spider Nest |   3079 |   3025 |     54 |    529 |   1800 |   3 | 1026.3 |
  Orcish Mines |   2575 |   2456 |    119 |    908 |   1010 |   2 | 1287.5 |
   Elven Halls |      1 |      1 |      0 |      0 |      0 |   1 |    1.0 |
         Abyss |    364 |    364 |      0 |    224 |     14 |   3 |  121.3 |
       Ossuary |    411 |    411 |      0 |    148 |     97 |   1 |  411.0 |
               +--------+--------+--------+--------+--------+-----+--------+

Top non-repeatable levels by time:
     D:8: 2457 daAuts
  Lair:6: 2389 daAuts
     D:5: 1964 daAuts
  Lair:3: 1894 daAuts
    D:14: 1822 daAuts
    D:13: 1734 daAuts
Spider:2: 1651 daAuts
  Lair:2: 1641 daAuts
  Lair:1: 1630 daAuts
     D:3: 1521 daAuts
   Orc:1: 1474 daAuts
     D:2: 1327 daAuts
Spider:1: 1265 daAuts
     D:6: 1139 daAuts
   Orc:2: 1100 daAuts
